TOP OF THE 1ST |
UCLA Bruins batting - Pitching for Vanderbilt University Commodores : RHP Nico Welling
|
Pitching: RHP Nico Welling
|
|
Batting: RHB Ken Hillman
|
0-0: Called Strike 0-1: Foul Ball, location: 2F 0-2: Ball 1-2: Ball 2-2: Foul Ball, location: 2F 2-2: Strikes out swinging
|
Batting: RHB Issac Konol
|
0-0: Ground out 6-3 (Groundball, 6, EV 79.4 MPH)
|
Batting: RHB Andy Knerr
|
0-0: Swinging Strike 0-1: Foul Ball, location: 2F 0-2: Ball 1-2: Ball 2-2: Ground out 5-3 (Groundball, 56, EV 84.4 MPH)
|
Top of the 1st over - 0 runs, 0 hits, 0 errors, 0 left on base; UCLA 0 - Vanderbilt University 0 |
BOTTOM OF THE 1ST |
Vanderbilt University Commodores batting - Pitching for UCLA Bruins : RHP Bruce Paredes
|
Pitching: RHP Bruce Paredes
|
|
Batting: SHB D.J. Davis
|
0-0: Called Strike 0-1: Ball 1-1: Foul Ball, location: 2F 1-2: Foul Ball, location: 2F 1-2: Strikes out swinging
|
Batting: RHB Jose Ramos
|
0-0: Foul Ball, location: 2F 0-1: Ball 1-1: Ball 2-1: SINGLE (Groundball, 6S, EV 66.2 MPH) (infield hit)
|
Batting: RHB Paul Johnson
|
0-0: Called Strike 0-1: Foul Ball, location: 2F 0-2: Strikes out swinging
|
Batting: LHB Josh Jett
|
0-0: Swinging Strike 0-1: Swinging Strike 0-2: Fielders Choice at 2nd, 6-4 (Groundball, 6, EV 79.4 MPH)
|
Bottom of the 1st over - 0 runs, 1 hit, 0 errors, 1 left on base; UCLA 0 - Vanderbilt University 0 |
TOP OF THE 2ND |
UCLA Bruins batting - Pitching for Vanderbilt University Commodores : RHP Nico Welling
|
Batting: RHB Corey Bradley
|
0-0: Ball 1-0: Ball 2-0: Ball 3-0: Base on Balls
|
Batting: SHB Sean Munns
|
0-0: Ball 1-0: Called Strike 1-1: Ball 2-1: SINGLE (Groundball, 56, EV 100.6 MPH) Corey Bradley to second
|
Batting: LHB Scott Mullett
|
0-0: Called Strike 0-1: Ball 1-1: Swinging Strike 1-2: Foul Ball, location: 2F 1-2: Strikes out looking
|
Batting: SHB Mike Beck
|
0-0: Called Strike 0-1: Called Strike 0-2: SINGLE (Groundball, 4MS, EV 63.8 MPH) (infield hit) Corey Bradley to third Sean Munns to second
|
Batting: RHB Dave Spradley
|
0-0: Ball 1-0: Foul Ball, location: 2F 1-1: Ball 2-1: Swinging Strike 2-2: Strikes out swinging
|
Batting: RHB Ivan Murillo
|
0-0: Called Strike 0-1: Foul Ball, location: 2F 0-2: Ball 1-2: Ball 2-2: Strikes out swinging
|
Top of the 2nd over - 0 runs, 2 hits, 0 errors, 3 left on base; UCLA 0 - Vanderbilt University 0 |
BOTTOM OF THE 2ND |
Vanderbilt University Commodores batting - Pitching for UCLA Bruins : RHP Bruce Paredes
|
Batting: SHB Paul Dupuis
|
0-0: Called Strike 0-1: Called Strike 0-2: Foul Ball, location: 2F 0-2: Strikes out swinging
|
Batting: RHB Pakiana Kileona
|
0-0: Fly out, F7 (Flyball, 7, EV 90.0 MPH)
|
Batting: RHB Brad Nathan
|
0-0: Ground out 6-3 (Groundball, 6, EV 81.9 MPH)
|
Bottom of the 2nd over - 0 runs, 0 hits, 0 errors, 0 left on base; UCLA 0 - Vanderbilt University 0 |
TOP OF THE 3RD |
UCLA Bruins batting - Pitching for Vanderbilt University Commodores : RHP Nico Welling
|
Batting: RHB Ken Hillman
|
0-0: Ball 1-0: Called Strike 1-1: Foul Ball, location: 2F 1-2: Ball 2-2: Foul Ball, location: 2F 2-2: Foul Ball, location: 2F 2-2: SINGLE (Groundball, 5L, EV 103.1 MPH) (infield hit)
|
Batting: RHB Issac Konol
|
0-0: Called Strike 0-1: Ball 1-1: Ball 2-1: Called Strike 2-2: Foul Ball, location: 2F 2-2: Strikes out looking
|
Batting: RHB Andy Knerr
|
0-0: Ball 1-0: Called Strike 1-1: Called Strike 1-2: Ball 2-2: Ball 3-2: SINGLE (Groundball, 6, EV 100.6 MPH) Ken Hillman to second
|
Batting: RHB Corey Bradley
|
0-0: Fly out, F7 (Flyball, 7D, EV 91.2 MPH)
|
Batting: SHB Sean Munns
|
0-0: SINGLE (Line Drive, 8RS, EV 98.1 MPH) Ken Hillman to third Andy Knerr to second
|
Batting: LHB Scott Mullett
|
0-0: Ball 1-0: Fly out, F7 (Flyball, 7D, EV 91.2 MPH)
|
Top of the 3rd over - 0 runs, 3 hits, 0 errors, 3 left on base; UCLA 0 - Vanderbilt University 0 |
BOTTOM OF THE 3RD |
Vanderbilt University Commodores batting - Pitching for UCLA Bruins : RHP Bruce Paredes
|
Batting: SHB Adam Hoffman
|
0-0: Foul Ball, location: 2F 0-1: Fly out, F8 (Line Drive, 8RM, EV 92.5 MPH)
|
Batting: RHB Eric Hays
|
0-0: Swinging Strike 0-1: Swinging Strike 0-2: Ball 1-2: Strikes out swinging
|
Batting: SHB D.J. Davis
|
0-0: Ball 1-0: Ball 2-0: Foul Ball, location: 2F 2-1: Ball 3-1: Foul Ball, location: 2F 3-2: Base on Balls
|
Batting: RHB Jose Ramos
|
0-0: Called Strike 0-1: Ball 1-1: Foul Ball, location: 2F 1-2: Ball 2-2: Strikes out swinging
|
Bottom of the 3rd over - 0 runs, 0 hits, 0 errors, 1 left on base; UCLA 0 - Vanderbilt University 0 |
TOP OF THE 4TH |
UCLA Bruins batting - Pitching for Vanderbilt University Commodores : RHP Nico Welling
|
Batting: SHB Mike Beck
|
0-0: Ball 1-0: Called Strike 1-1: Foul Ball, location: 2F 1-2: Ball 2-2: Foul Ball, location: 2F 2-2: Foul Ball, location: 2F 2-2: Strikes out swinging
|
Batting: RHB Dave Spradley
|
0-0: Called Strike 0-1: Foul Ball, location: 2F 0-2: Strikes out swinging
|
Batting: RHB Ivan Murillo
|
0-0: Fly out, F9 (Flyball, 9S, EV 90.6 MPH)
|
Top of the 4th over - 0 runs, 0 hits, 0 errors, 0 left on base; UCLA 0 - Vanderbilt University 0 |
BOTTOM OF THE 4TH |
Vanderbilt University Commodores batting - Pitching for UCLA Bruins : RHP Bruce Paredes
|
Batting: RHB Paul Johnson
|
0-0: Ball 1-0: Ball 2-0: Called Strike 2-1: Ball 3-1: Fly out, F7 (Flyball, 7D, EV 102.5 MPH)
|
Batting: LHB Josh Jett
|
0-0: Called Strike 0-1: Called Strike 0-2: Strikes out swinging
|
Batting: SHB Paul Dupuis
|
0-0: Ball 1-0: Ball 2-0: Reached on error, E5 (Groundball, 5S, EV 87.5 MPH)
|
Batting: RHB Pakiana Kileona
|
0-0: Called Strike 0-1: Swinging Strike 0-2: Fly out, F9 (Flyball, 9, EV 84.4 MPH)
|
Bottom of the 4th over - 0 runs, 0 hits, 1 error, 1 left on base; UCLA 0 - Vanderbilt University 0 |
TOP OF THE 5TH |
UCLA Bruins batting - Pitching for Vanderbilt University Commodores : RHP Nico Welling
|
Pitching: RHP Milutin Mladjenovic
|
|
Pinch Hitting: RHB Michael Alvarado
|
0-0: Called Strike 0-1: Called Strike 0-2: Ball 1-2: Fly out, F6 (Popup, 15, EV 75.0 MPH)
|
Batting: RHB Issac Konol
|
0-0: Foul Ball, location: 2F 0-1: Called Strike 0-2: Strikes out swinging
|
Batting: RHB Andy Knerr
|
0-0: Called Strike 0-1: Ball 1-1: Called Strike 1-2: Reached on error, E6 (Groundball, 6, EV 89.4 MPH)
|
Batting: RHB Corey Bradley
|
0-0: Ball Andy Knerr steals 2nd base 1-0: Called Strike 1-1: DOUBLE (Line Drive, 89M, EV 110.6 MPH) Andy Knerr scores
|
Batting: SHB Sean Munns
|
0-0: Called Strike 0-1: Ball 1-1: Foul Ball, location: 2F 1-2: SINGLE (Groundball, 34D, EV 93.8 MPH) Corey Bradley to third Runner from 3rd tries for Home, SAFE, throw by RF to home Sean Munns to second
|
Batting: LHB Scott Mullett
|
0-0: Foul Ball, location: 2F 0-1: Ball 1-1: Ball 2-1: Called Strike 2-2: Foul Ball, location: 2F 2-2: Strikes out swinging
|
Top of the 5th over - 2 runs, 2 hits, 1 error, 1 left on base; UCLA 2 - Vanderbilt University 0 |
BOTTOM OF THE 5TH |
Vanderbilt University Commodores batting - Pitching for UCLA Bruins : RHP Bruce Paredes
|
Now at 2B: Michael Alvarado
|
|
Batting: RHB Brad Nathan
|
0-0: Ball 1-0: Called Strike 1-1: Ball 2-1: Swinging Strike 2-2: Foul Ball, location: 2F 2-2: Strikes out swinging
|
Batting: SHB Adam Hoffman
|
0-0: Ball 1-0: Foul Ball, location: 2F 1-1: Ball 2-1: Ball 3-1: Called Strike 3-2: Strikes out swinging
|
Batting: RHB Eric Hays
|
0-0: Ball 1-0: Called Strike 1-1: Called Strike 1-2: Ball 2-2: Foul Ball, location: 2F 2-2: SINGLE (Groundball, 25, EV 64.4 MPH) (infield hit)
|
Batting: SHB D.J. Davis
|
0-0: Called Strike Eric Hays steals 2nd base 0-1: Fly out, F7 (Flyball, 78M, EV 75.6 MPH)
|
Bottom of the 5th over - 0 runs, 1 hit, 0 errors, 1 left on base; UCLA 2 - Vanderbilt University 0 |
TOP OF THE 6TH |
UCLA Bruins batting - Pitching for Vanderbilt University Commodores : RHP Milutin Mladjenovic
|
Pitching: LHP Ron Rubino
|
|
Batting: SHB Mike Beck
|
0-0: Foul Ball, location: 2F 0-1: Swinging Strike 0-2: Strikes out swinging
|
Batting: RHB Luis de Jesus
|
0-0: Foul Ball, location: 2F 0-1: Ball 1-1: Fly out, F9 (Flyball, 89M, EV 80.6 MPH)
|
Batting: RHB Ivan Murillo
|
0-0: Ground out 4-3 (Groundball, 4, EV 101.9 MPH)
|
Top of the 6th over - 0 runs, 0 hits, 0 errors, 0 left on base; UCLA 2 - Vanderbilt University 0 |
BOTTOM OF THE 6TH |
Vanderbilt University Commodores batting - Pitching for UCLA Bruins : RHP Bruce Paredes
|
Pitching: LHP Joe Landgraff
|
|
Batting: RHB Jose Ramos
|
0-0: Called Strike 0-1: Fly out, F7 (Line Drive, 8LM, EV 88.8 MPH)
|
Batting: RHB Paul Johnson
|
0-0: Swinging Strike 0-1: Foul Ball, location: 2F 0-2: Strikes out looking
|
Batting: LHB Josh Jett
|
0-0: Ball 1-0: Ground out 4-3 (Groundball, 34, EV 107.5 MPH)
|
Bottom of the 6th over - 0 runs, 0 hits, 0 errors, 0 left on base; UCLA 2 - Vanderbilt University 0 |
TOP OF THE 7TH |
UCLA Bruins batting - Pitching for Vanderbilt University Commodores : LHP Ron Rubino
|
Pitching: LHP Kyle McGuire
|
|
Batting: RHB Michael Alvarado
|
0-0: Ball 1-0: Ball 2-0: Ball 3-0: Base on Balls
|
Batting: RHB Issac Konol
|
0-0: Foul Ball, location: 2F 0-1: Ball 1-1: Foul Ball, location: 2F 1-2: Ball 2-2: Strikes out swinging
|
Batting: RHB Andy Knerr
|
0-0: Ball 1-0: SINGLE (Groundball, 6S, EV 68.8 MPH) (infield hit) Michael Alvarado to second
|
Batting: RHB Corey Bradley
|
0-0: DOUBLE (Line Drive, 8LD, EV 105.6 MPH) Michael Alvarado scores Andy Knerr to third
|
Batting: SHB Sean Munns
|
0-0: Swinging Strike 0-1: Called Strike 0-2: Ball 1-2: Fly out, F8 (Flyball, 8RM, EV 90.6 MPH)
|
Batting: LHB Scott Mullett
|
0-0: Called Strike 0-1: Called Strike 0-2: Strikes out looking
|
Top of the 7th over - 1 run, 2 hits, 0 errors, 2 left on base; UCLA 3 - Vanderbilt University 0 |
BOTTOM OF THE 7TH |
Vanderbilt University Commodores batting - Pitching for UCLA Bruins : LHP Joe Landgraff
|
Pitching: RHP Mark Crawford
|
|
Batting: SHB Paul Dupuis
|
0-0: Swinging Strike 0-1: Called Strike 0-2: Ball 1-2: Foul Ball, location: 2F 1-2: Ball 2-2: Foul Ball, location: 2F 2-2: Ball 3-2: Ground out U3 (Groundball, 34, EV 99.4 MPH)
|
Batting: RHB Pakiana Kileona
|
0-0: Called Strike 0-1: Foul Ball, location: 2F 0-2: Ball 1-2: Strikes out swinging
|
Batting: RHB Brad Nathan
|
0-0: Called Strike 0-1: Called Strike 0-2: Ball 1-2: Strikes out looking
|
Bottom of the 7th over - 0 runs, 0 hits, 0 errors, 0 left on base; UCLA 3 - Vanderbilt University 0 |
TOP OF THE 8TH |
UCLA Bruins batting - Pitching for Vanderbilt University Commodores : LHP Kyle McGuire
|
Pitching: RHP Alex Guzman
|
|
Batting: SHB Mike Beck
|
0-0: Foul Ball, location: 2F 0-1: Foul Ball, location: 2F 0-2: Foul Ball, location: 2F 0-2: Ball 1-2: Fly out, F9 (Flyball, 9LM, EV 94.4 MPH)
|
Batting: RHB Luis de Jesus
|
0-0: Ball 1-0: Foul Ball, location: 2F 1-1: Ball 2-1: Foul Ball, location: 2F 2-2: Strikes out looking
|
Batting: RHB Ivan Murillo
|
0-0: Called Strike 0-1: Ball 1-1: Foul Ball, location: 2F 1-2: Foul Ball, location: 2F 1-2: Strikes out swinging
|
Top of the 8th over - 0 runs, 0 hits, 0 errors, 0 left on base; UCLA 3 - Vanderbilt University 0 |
BOTTOM OF THE 8TH |
Vanderbilt University Commodores batting - Pitching for UCLA Bruins : RHP Mark Crawford
|
Pitching: RHP Alex Rosales
|
|
Batting: SHB Adam Hoffman
|
0-0: Called Strike 0-1: Ball 1-1: Called Strike 1-2: Strikes out swinging
|
Batting: RHB Eric Hays
|
0-0: Ball 1-0: Ball 2-0: Ball 3-0: Called Strike 3-1: Base on Balls
|
Batting: SHB D.J. Davis
|
0-0: Ball 1-0: Foul Ball, location: 2F 1-1: Swinging Strike 1-2: Ball 2-2: Foul Ball, location: 2F 2-2: Foul Ball, location: 2F 2-2: Ball 3-2: Strikes out swinging Eric Hays steals 2nd base Batter strikes out.
|
Batting: RHB Jose Ramos
|
0-0: Called Strike 0-1: Fly out, F4 (Popup, 4M, EV 43.8 MPH)
|
Bottom of the 8th over - 0 runs, 0 hits, 0 errors, 1 left on base; UCLA 3 - Vanderbilt University 0 |
TOP OF THE 9TH |
UCLA Bruins batting - Pitching for Vanderbilt University Commodores : RHP Alex Guzman
|
Pitching: RHP Craig Wayne
|
|
Batting: RHB Michael Alvarado
|
0-0: Called Strike 0-1: Ball 1-1: Called Strike 1-2: Foul Ball, location: 2F 1-2: Foul Ball, location: 2F 1-2: Strikes out swinging, 2-3 out at first.
|
Batting: RHB Issac Konol
|
0-0: Ball 1-0: Ball 2-0: SOLO HOME RUN (Flyball, 78XD, EV 113.8 MPH), Distance : 447 ft
|
Batting: RHB Andy Knerr
|
0-0: Ball 1-0: Ball 2-0: Ball 3-0: Base on Balls
|
Batting: RHB Corey Bradley
|
0-0: Ball 1-0: Foul Ball, location: 2F 1-1: Called Strike 1-2: Foul Ball, location: 2F 1-2: 2-RUN HOME RUN (Flyball, 7D, EV 113.8 MPH), Distance : 419 ft
|
Pitching: RHP Elijah Ogletree
|
|
Batting: SHB Sean Munns
|
0-0: Swinging Strike 0-1: Ball 1-1: Foul Ball, location: 2F 1-2: Ball 2-2: Ball 3-2: Base on Balls
|
Batting: LHB Scott Mullett
|
0-0: Foul Ball, location: 2F 0-1: Called Strike 0-2: Ball 1-2: Ball 2-2: Foul Ball, location: 2F 2-2: Fielders Choice at 2nd, 3-6 (Groundball, 3, EV 90.6 MPH)
|
Batting: SHB Mike Beck
|
0-0: Ball 1-0: Foul Ball, location: 2F 1-1: Ground out U3 (Groundball, 23, EV 85.0 MPH)
|
Top of the 9th over - 3 runs, 2 hits, 0 errors, 1 left on base; UCLA 6 - Vanderbilt University 0 |
BOTTOM OF THE 9TH |
Vanderbilt University Commodores batting - Pitching for UCLA Bruins : RHP Alex Rosales
|
Pitching: RHP Kyle Mann
|
|
Batting: RHB Paul Johnson
|
0-0: Fly out, F7 (Flyball, 7, EV 85.6 MPH)
|
Batting: LHB Josh Jett
|
0-0: Ball 1-0: Called Strike 1-1: Foul Ball, location: 2F 1-2: Ball 2-2: Strikes out swinging
|
Batting: SHB Paul Dupuis
|
0-0: Ball 1-0: Swinging Strike 1-1: Swinging Strike 1-2: Ball 2-2: Foul Ball, location: 2F 2-2: Foul Ball, location: 2F 2-2: Strikes out looking
|
Bottom of the 9th over - 0 runs, 0 hits, 0 errors, 0 left on base; UCLA 6 - Vanderbilt University 0 |
|